 Dungeon Crawl Stone Soup version 0.17.1-3-g152610e (webtiles) character file.

4764 kaze the Nimble (level 10, 0/98 HPs)
             Began as a Troll Berserker on Feb 14, 2016.
             Was an Elder of Trog.
             Succumbed to Josephine's poison
             ... on level 10 of the Dungeon on Feb 17, 2016.
             The game lasted 00:46:51 (8361 turns).

kaze the Nimble (Troll Berserker)                   Turns: 8361, Time: 00:46:52

Health: 0/98       AC: 12    Str: 30    XL:     10   Next: 23%
Magic:  9/9        EV: 11    Int:  3    God:    Trog [****..]
Gold:   425        SH: 11    Dex:  9    Spells: 0 memorised, 9 levels left

rFire  . . .     SeeInvis .     o - +5 spear
rCold  . . .     Clarity  .     a - +2 animal skin
rNeg   . . .     SustAt   .     j - +1 shield
rPois  .         Gourm    +     b - +2 hat
rElec  .         Spirit   .     w - +2 cloak
rCorr  .         Warding  .     (gloves unavailable)
rMut   .         Stasis   .     (boots unavailable)
MR     +++..                    (no amulet)
Stlth  +.........               g - ring of protection from magic
                                E - +1 ring of slaying

@: lethally poisoned (0 -> -10), exhausted, regenerating, slowed, very slow,
extremely resistant to hostile enchantments, very unstealthy
A: unfitting armour, claws 3, fast metabolism 3, gourmand, regeneration 2,
shaggy fur 1, tough skin 2
a: Berserk, Trog's Hand, Brothers in Arms, Burn Spellbooks, Renounce Religion


You were on level 10 of the Dungeon.
You worshipped Trog.
Trog was greatly pleased with you.
You were full.

You visited 1 branch of the dungeon, and saw 10 of its levels.

You collected 425 gold pieces.

Inventory:

Hand Weapons
 f - a +4 quarterstaff of chaos
 o - a +5 spear (weapon)
 y - a +1 mace of freezing
 z - a +0 dire flail
 G - the cursed +3 quarterstaff of Valiance {crush, rF+ MR+}
   (You found it on level 9 of the Dungeon)

   It inflicts extra damage upon your enemies.
   It protects you from fire.
   It affects your resistance to hostile enchantments.
   It has a curse placed upon it.
Armour
 a - a +2 animal skin (worn)
 b - a +2 hat (worn)
 j - a +1 shield (worn)
 n - a +1 cloak
 w - a +2 cloak (worn)
 I - a troll hide
Jewellery
 e - an uncursed ring of protection from cold
 g - a ring of protection from magic (right claw)
 q - an uncursed ring of poison resistance
 E - a +1 ring of slaying (left claw)
Wands
 D - a wand of frost (37)
 J - a wand of random effects (24)
Scrolls
 m - 5 scrolls of identify
 B - 2 scrolls of teleportation
 C - 2 scrolls of remove curse
 F - 2 scrolls of amnesia {unknown}
 H - a scroll of magic mapping {unknown}
Potions
 c - a potion of heal wounds {unknown}
 d - 2 potions of flight
 h - a potion of degeneration {unknown}
 k - a potion of haste
 p - a potion of might {unknown}
 s - a potion of brilliance
 t - 2 potions of curing
 x - a potion of ambrosia {unknown}
 A - a potion of berserk rage {unknown}
Comestibles
 i - 3 beef jerkies
 l - a slice of pizza
 r - 2 fruits
 u - 4 royal jellies
 v - 4 bread rations


   Skills:
 + Level 5.8 Fighting
   Level 1.1(3.3) Axes
 + Level 1.8(2.1) Maces & Flails
 + Level 4.5(4.6) Polearms
 + Level 0.4(3.1) Staves
 + Level 8.7 Dodging
 + Level 5.5 Shields
 + Level 3.2 Unarmed Combat


You had 9 spell levels left.
You didn't know any spells.

Dungeon Overview and Level Annotations

Branches:
Dungeon (10/15)            Temple (0/1) D:6
   Lair: D:8-11         Orc: D:9-12

Altars:
Dithmenos
Fedhas
Makhleb
Ru
Sif Muna
Zin

Shops:
D:5 *(   D:6 !   D:8 %

Annotations:
D:10 Josephine


Innate Abilities, Weirdness & Mutations

You are too large for most types of armour.
You have claws for hands.
Your metabolism is lightning-fast.
You like to eat raw meat.
You heal very quickly.
You are covered in fur (AC +1).
You have very tough skin (AC +2).


Message History

* * * LOW HITPOINT WARNING * * *
You are more poisoned.
You closely miss Josephine.
Josephine is severely wounded.
You feel very sick. Josephine hits you but does no damage.
You are more poisoned.
Josephine is infused with unholy energy.
* * * LOW HITPOINT WARNING * * *
Josephine draws life force from you and is healed!
You're too exhausted to go berserk.
You puncture Josephine!
Josephine is severely wounded.
* * * LOW HITPOINT WARNING * * *
You feel very sick. Josephine hits you but does no damage.
You are more poisoned.
You hit Josephine.
Josephine is severely wounded.
You die...

#......#
#......#
#....[.#
#......#
#......#
#......#
#>....<+
#......#
#####@##
##@#
#WW#
#.##
##'###
#....#
#....#
#....#
#....#


You could see Josephine and 2 wraiths.

Vanquished Creatures
  2 trolls (D:9)
  A two-headed ogre (D:9)
  A trapdoor spider (D:9)
  A wraith (D:10)
  A wyvern (D:8)
  A hippogriff (D:9)
  2 hungry ghosts
  An orc warrior (D:7)
  A phantom (D:5)
  4 ogres
  A centaur (D:9)
  A sky beast (D:9)
  4 ice beasts
  A crocodile (D:8)
  6 giant frogs
  2 scorpions
  4 killer bees (D:8)
  A wight (D:7)
  A spriggan skeleton (D:9)
  7 crimson imps
  8 hounds
  2 orc priests
  A centaur zombie (D:6)
  Crazy Yiuf (D:4)
  4 centaur skeletons (D:9)
  2 giant frog skeletons
  A giant frog zombie (D:9)
  3 orc wizards
  Terence (D:2)
  2 iguanas
  A hell rat (D:6)
  3 worker ants
  A killer bee zombie (D:7)
  2 hound zombies (D:6)
  7 gnolls
  10 adders
  4 river rats (D:6)
  4 shadow imps
  An adder zombie (D:6)
  A worm (D:2)
  3 giant geckos
  36 orcs
  3 giant cockroaches
  7 goblins
  3 hobgoblins
  5 jackals
  6 quokkas
  2 ball pythons
  5 bats
  A giant gecko skeleton (D:8)
  3 giant newts
  5 kobolds
  A quokka zombie (D:8)
  31 rats
213 creatures vanquished.

Notes
Turn   | Place    | Note
--------------------------------------------------------------
     0 | D:1      | kaze the Troll Berserker began the quest for the Orb.
     0 | D:1      | Reached XP level 1. HP: 22/22 MP: 0/0
   373 | D:1      | Reached XP level 2. HP: 26/29 MP: 1/1
   746 | D:2      | Reached ** piety under Trog
   746 | D:2      | Reached XP level 3. HP: 22/36 MP: 2/2
   922 | D:2      | Found a blossoming altar of Fedhas.
   998 | D:2      | Noticed Terence
  1012 | D:2      | Killed Terence
  1515 | D:2      | Reached XP level 4. HP: 45/45 MP: 3/3
  1683 | D:3      | Reached skill level 1 in Maces & Flails
  1756 | D:3      | Found a sacrificial altar of Ru.
  2249 | D:3      | Reached skill level 1 in Shields
  2249 | D:3      | Reached XP level 5. HP: 53/53 MP: 4/4
  2329 | D:4      | Reached *** piety under Trog
  2435 | D:4      | Noticed Crazy Yiuf
  2446 | D:4      | Killed Crazy Yiuf
  2446 | D:4      | Reached XP level 6. HP: 8/61 MP: 5/5
  2792 | D:4      | Noticed an ogre
  2801 | D:4      | Killed an ogre
  2801 | D:4      | Reached skill level 1 in Axes
  2801 | D:4      | Reached skill level 4 in Dodging
  2849 | D:4      | Found a burning altar of Makhleb.
  2923 | D:5      | Entered Level 5 of the Dungeon
  2927 | D:5      | Reached XP level 7. HP: 68/68 MP: 6/6
  3325 | D:5      | Upgraded the game from 0.17.1-2-g5865329 to 0.17.1-3-g152610e
  3362 | D:5      | Reached skill level 5 in Dodging
  3398 | D:5      | Found Jenu's Weapon Emporium.
  3569 | D:5      | Reached skill level 1 in Polearms
  3650 | D:5      | Found a sand-covered staircase.
  3725 | D:5      | Found Zin's Purification Station.
  3732 | D:5      | Found a glowing silver altar of Zin.
  3858 | D:5      | Reached XP level 8. HP: 72/79 MP: 7/7
  4093 | D:5      | Found a blossoming altar of Fedhas.
  4776 | D:6      | Reached **** piety under Trog
  4787 | D:6      | Reached skill level 6 in Dodging
  5080 | D:6      | Found a staircase to the Ecumenical Temple.
  5368 | D:6      | Found Fack's Distillery.
  5492 | D:7      | Found a deep blue altar of Sif Muna.
  5627 | D:7      | Reached skill level 5 in Fighting
  6116 | D:7      | Reached XP level 9. HP: 88/88 MP: 8/8
  6623 | D:8      | Found Wyah's Food Boutique.
  6668 | D:8      | Reached skill level 7 in Dodging
  6999 | D:8      | Found a shadowy altar of Dithmenos.
  7336 | D:9      | Reached skill level 8 in Dodging
  7336 | D:9      | Reached skill level 5 in Shields
  7446 | D:9      | Got a steaming quarterstaff
  7447 | D:9      | Identified the cursed +3 quarterstaff of Valiance {crush, rF+ MR+} (You found it on level 9 of the Dungeon)
  7613 | D:9      | Reached XP level 10. HP: 96/96 MP: 9/9
  8293 | D:10     | Entered Level 10 of the Dungeon
  8321 | D:10     | Noticed Josephine
  8360 | D:10     | HP: 3/98 [poisoned by Josephine]
  8361 | D:10     | Succumbed to Josephine's poison

Action                   |  1- 3 |  4- 6 |  7- 9 | 10-12 || total
-------------------------+-------+-------+-------+-------++-------
Melee: Mace              |   103 |    69 |       |       ||   172
       War axe           |       |    23 |       |       ||    23
       Quarterstaff      |       |    21 |    20 |       ||    41
       Spear             |       |       |   682 |   105 ||   787
Invok: Berserk           |     1 |     3 |    11 |     4 ||    19
       Trog's Hand       |     1 |     1 |     3 |     1 ||     6
       Burn Spellbooks   |       |       |     1 |       ||     1
  Use: Potion            |     1 |       |     6 |       ||     7
       Scroll            |       |     6 |    14 |     1 ||    21
 Stab: Paralysed         |       |       |     1 |       ||     1
  Eat: Chunk             |     5 |    13 |    48 |     4 ||    70
       Bread ration      |     2 |     1 |       |       ||     3
       Meat ration       |     1 |       |     1 |       ||     2
       Royal jelly       |       |       |     2 |       ||     2
       Fruit             |       |       |       |    10 ||    10
       Beef jerky        |       |       |       |     1 ||     1
